 Dungeon Crawl Stone Soup version 0.28.0-47-ge53b351184 (webtiles) character file.

Game seed: 3830240980729435254

20 joe1234567 the Chopper (level 3, 0/29 HPs)
             Began as a Human Berserker on May 8, 2022.
             Was a Follower of Trog.
             Slain by a goblin
             ... wielding a +0 dagger
             ... led by Robin
              (4 damage)
             ... on level 2 of the Dungeon.
             The game lasted 00:03:02 (566 turns).

joe1234567 the Chopper (Human Berserker)             Turns: 566, Time: 00:03:03

Health: 0/29       AC:  3    Str: 17    XL:     3   Next: 0%
Magic:  3/3        EV: 12    Int:  7    God:    Trog [*.....]
Gold:   21         SH:  0    Dex: 14    Spells: 2/2 levels left

rFire   . . .      SeeInvis .   a - +0 hand axe
rCold   . . .      Faith    .   (no shield)
rNeg    . . .      Spirit   .   b - +0 animal skin
rPois   .          Reflect  .   (no helmet)
rElec   .          Harm     .   (no cloak)
rCorr   .          Rampage  .   (no gloves)
Will    .....                   e - +0 pair of boots
Stlth   +.........              (no amulet)
HPRegen 0.09/turn               (no ring)
MPRegen 0.08/turn               (no ring)

@: no status effects
A: no striking features
a: Renounce Religion, Berserk


You were on level 2 of the Dungeon.
You worshipped Trog.
Trog was aware of your devotion.
You visited 1 branch of the dungeon, and saw 2 of its levels.

You collected 21 gold pieces.

Inventory:

Hand Weapons
 a - a +0 hand axe (weapon)
Armour
 b - a +0 animal skin (worn)
 e - a +0 pair of boots (worn)
Scrolls
 f - a scroll of fog {unknown}
Potions
 c - 2 potions of berserk rage {unknown}
 d - a potion of curing {unknown}


   Skills:
 + Level 3.2 Fighting
 + Level 3.4 Axes
 + Level 2.1 Armour
 + Level 2.2 Dodging


You had 2 spell levels left.
You didn't know any spells.
Your spell library was empty.

Dungeon Overview and Level Annotations

Branches:
Dungeon (1/15)

Altars:

Annotations:
D:2 Robin


Message History

The hobgoblin hits you but does no damage.
A goblin comes into view. It is wielding a +0 dagger.
Robin laughs in a distinctly smug fashion.
You closely miss the hobgoblin.
The hobgoblin is almost dead.
You closely miss the goblin. The goblin closely misses you.
The hobgoblin hits you.
A hobgoblin comes into view.
Unknown command.
You hit the hobgoblin but do no damage.
The hobgoblin is almost dead.
You hit the goblin.
You kill the goblin!
Trog accepts your kill. The hobgoblin hits you.
You hit the hobgoblin.
You kill the hobgoblin!
Trog accepts your kill.
You have reached level 3!
Your experience leads to an increase in your attributes!
Increase (S)trength, (I)ntelligence, or (D)exterity?
You feel agile. x2
You barely miss the goblin.
Robin roars a battlecry!
The goblin hits you with a +0 club.
You barely miss the goblin.
A hobgoblin comes into view.
Robin throws the goblin at you!
* * * LOW HITPOINT WARNING * * *
The goblin barely misses you.
You hit the goblin but do no damage. You barely miss the goblin.
The goblin hits you with a +0 dagger.
* * * LOW HITPOINT WARNING * * *
Robin roars a battlecry!
The goblin hits you but does no damage.
You hit the goblin.
You kill the goblin!
Trog accepts your kill.
You closely miss the goblin. The goblin hits you with a +0 dagger.
You die...

#.........#####
#####..........
##.######## #.#
#.# #.# #.# #g#
#@# #)# #g# #.#
#g# #g# #g# #.#
#.#


You could see Robin, 3 hobgoblins and a goblin (strong).

Vanquished Creatures
  A dart slug (D:1)
  2 ball pythons (D:1)
  An endoplasm (D:1)
  6 goblins
  3 hobgoblins
  3 rats (D:1)
16 creatures vanquished.

Notes
Turn   | Place    | Note
-------+----------+-------------------------------------------
     0 | D:1      | joe1234567 the Human Berserker began the quest for the Orb.
     0 | D:1      | Reached XP level 1. HP: 18/18 MP: 1/1
   332 | D:1      | Reached XP level 2. HP: 16/24 MP: 2/2
   343 | D:1      | Found a faded altar of an unknown god.
   344 | D:1      | Noticed a shining eye
   346 | D:1      | Noticed a golden eye
   350 | D:1      | Noticed a shining eye
   350 | D:1      | Noticed an eye of devastation
   524 | D:1      | You fall into a shaft and drop 1 floor!
   542 | D:2      | Noticed Robin
   563 | D:2      | Reached XP level 3. HP: 12/29 MP: 3/3
   566 | D:2      | Slain by a goblin

Illustrated notes

Levels and vault maps discovered:
D:1:      nzn_arrival_depleted_hourglass, layout_loops_ring,
          hellmonk_ecumenical_altar_watching_god
D:2:      layout_basic, serial_shops, nicolae_shop_trees, shop,
          nicolae_shop_waterfront, shop_statue, nicolae_shop_advertising_works
          [nicolae_subvault_shop_adworks], uniq_robin

Action                   || total
-------------------------++-------
Melee: Hand axe          ||    49
       Punch             ||     2
Armor: Animal skin       ||    11
Dodge: Dodged            ||    26
